 Dungeon Crawl Stone Soup version 0.23.1-37-gaa34b87b72 (webtiles) character file.

Game seed: 16993185092093280876

13762 Morbidden the Carver (level 11, -2/87 HPs)
             Began as a Demonspawn Monk on Mar 23, 2019.
             Was a High Priest of Cheibriados.
             Slain by a freezing wraith (12 damage)
             ... in an ice cave.
             The game lasted 00:27:15 (12028 turns).

Morbidden the Carver (Demonspawn Monk)             Turns: 12028, Time: 00:27:16

Health: -2/87      AC: 15    Str: 25    XL:     11   Next: 79%
Magic:  17/17      EV: 14    Int: 24    God:    Cheibriados [*****.]
Gold:   538        SH: 12    Dex: 29    Spells: 10/10 levels left

rFire    + . .     SeeInvis .   a - +0 scimitar
rCold    . . .     Gourm    .   y - +0 shield
rNeg     + . .     Faith    .   v - +4 ring mail
rPois    .         Spirit   .   (helmet restricted)
rElec    .         Reflect  .   (no cloak)
rCorr    .         Harm     .   A - +2 pair of gloves
MR       .....                  (no boots)
Stlth    +++.......             w - amulet of the acrobat
HPRegen  0.24/turn              f - ring of protection from fire
MPRegen  0.15/turn              G - ring of positive energy

@: very slow
A: horns 2, slimy green scales 1, demonic guardian 2, rot immunity
a: Bend Time, Temporal Distortion, Slouch, Step From Time, Renounce Religion


You were in an ice cave.
You worshipped Cheibriados.
Cheibriados was extremely pleased with you.
You were not hungry.

You visited 2 branches of the dungeon, and saw 13 of its levels.
You also visited: Ossuary and Ice Cave.

You collected 628 gold pieces.
You spent 90 gold pieces at shops.

Inventory:

Hand Weapons
 a - a +0 scimitar (weapon)
Armour
 v - a +4 ring mail (worn)
 y - a +0 shield (worn)
 A - a +2 pair of gloves (worn)
 K - a +0 robe of resistance (quivered)
Jewellery
 f - a ring of protection from fire (left hand)
 i - an uncursed ring of magical power
 w - an amulet of the acrobat (around neck)
 G - a ring of positive energy (right hand)
Wands
 o - a wand of enslavement (14)
 p - a wand of acid (8)
 t - a wand of flame (16)
 C - a wand of polymorph (19)
 J - a wand of digging (3)
Scrolls
 b - 8 scrolls of identify
 e - 2 scrolls of enchant armour
 g - 10 scrolls of remove curse
 h - a scroll of fog
 j - a scroll of magic mapping
 k - a scroll of noise
 l - 2 scrolls of amnesia
 m - a scroll of blinking
 q - 3 scrolls of teleportation
 r - a scroll of fear {unknown}
 x - 2 scrolls of immolation {unknown}
 B - a scroll of vulnerability {unknown}
 D - a scroll of brand weapon {unknown}
 E - a scroll of enchant weapon {unknown}
 H - a scroll of summoning {unknown}
Potions
 d - 2 potions of curing
 n - a potion of mutation
 s - 2 potions of magic
 u - a potion of invisibility
 z - 3 potions of ambrosia
 F - a potion of lignification
 I - 2 potions of might
Comestibles
 c - 19 rations


   Skills:
 * Level 8.8 Fighting
 * Level 11.3 Long Blades
 + Level 4.9 Armour
 + Level 5.1 Dodging
 + Level 4.4 Stealth
 + Level 5.8 Shields
 * Level 8.4 Invocations
 + Level 1.1 Evocations


You had 10 spell levels left.
You didn't know any spells.
Your spell library contained the following spells:

 Spells                   Type           Power        Failure   Level  Hunger
 Magic Dart               Conj           #...         56%         1    ##.....
 Sandblast                Erth           #.....       56%         1    ##.....
 Blink                    Tloc           N/A          71%         2    ###....
 Call Imp                 Summ           #.......     71%         2    ###....
 Passwall                 Tmut/Erth      #.......     71%         2    ###....
 Slow                     Hex            #.......     71%         2    ###....
 Conjure Flame            Conj/Fire      #.......     91%         3    ####...
 Mephitic Cloud           Conj/Pois/Air  #.......     91%         3    ####...
 Stone Arrow              Conj/Erth      #.....       91%         3    ####...
 Petrify                  Tmut/Erth      #.......     100%        4    #####..
 Lee's Rapid Deconstruct  Erth           #.........   100%        5    ######.


Dungeon Overview and Level Annotations

Branches:
Dungeon (12/15)            Temple (1/1) D:6            Lair (0/6) D:10
    Orc (0/2) D:10

Altars:
Cheibriados
Dithmenos
Elyvilon
Gozag
Kikubaaqudgha
Makhleb
Okawaru
Qazlal
The Shining One

Shops:
D:7 *   D:8 [   D:9 *

Annotations:
D:11 2 transporters, guttsta's ghost, journeyman DsFi
D:12 Azrael


Innate Abilities, Weirdness & Mutations

You have a pair of horns on your head.
You are partially covered in slimy green scales. (AC +2)
A demonic guardian rushes to your aid.
You are immune to rotting.


Message History

The freezing wraith barely misses you.
You riposte.
You slice the freezing wraith!!
You destroy the freezing wraith!
Cheibriados thoroughly appreciates the change of pace.
Your soul eater hits the freezing wraith!!
The white imp barely misses your soul eater.
You feel yourself speed up.
Your soul eater hits the freezing wraith!
The white imp closely misses your soul eater.
You block the freezing wraith's attack. x2
Unknown command.
You slash the freezing wraith!
The freezing wraith is almost destroyed.
Your soul eater completely misses the freezing wraith.
The freezing wraith barely misses your soul eater.
The freezing wraith hits your soul eater but does no damage.
The freezing wraith hits you!
* * * LOW HITPOINT WARNING * * *
The freezing wraith freezes you!
You die... .
W_ ZZ.

#### .5.Z ##..#
5Z.Z. ##5W.#5.Z5..
#.3#5...# #.W#.W.##
#.@##.## ##..###
##### ######..##
##...## #..# ##..#
#.....#
#..###..####..#..##
##...#..##
#..##...##
#......##
##.####...##
##......# ##..#
##...## ##.......#
#..## ##...#


You could see 2 freezing wraiths, a white imp and a friendly soul eater.

Vanquished Creatures
  A two-headed ogre (D:11)
  Nergalle (D:12)
  2 centaur skeletons
  6 freezing wraiths (IceCv)
  A troll (D:10)
  A hornet (D:7)
  A wolf spider simulacrum (IceCv)
  A hippogriff (D:11)
  2 shadows
  3 yaks (D:10)
  3 fire elementals
  A death yak simulacrum (IceCv)
  3 hungry ghosts
  A hell hound (D:12)
  A black bear (D:7)
  4 orc warriors
  A sky beast (D:11)
  2 phantoms
  A necrophage (D:11)
  7 ice beasts
  7 ogres
  6 centaurs
  A crocodile (D:10)
  3 big kobolds
  2 elf zombies (Ossuary)
  6 bullfrogs
  A wyvern skeleton (D:11)
  2 scorpions (D:11)
  3 killer bees (D:11)
  An elephant simulacrum (IceCv)
  3 electric eels (D:10)
  2 howler monkeys
  2 bullfrog zombies
  3 crimson imps
  4 hounds (D:10)
  6 orc priests
  3 jellies
  A bullfrog skeleton (D:7)
  3 centaur zombies
  2 human zombies (Ossuary)
  5 orc wizards
  3 gnoll shamans (D:10)
  An iguana (D:8)
  8 worker ants
  A wolf simulacrum (IceCv)
  A howler monkey zombie (D:11)
  2 mummies (Ossuary)
  A worker ant zombie (D:10)
  A howler monkey skeleton (D:7)
  9 gnolls
  15 adders
  A shadow imp (D:8)
  3 white imps (IceCv)
  3 adder skeletons
  An adder zombie (Ossuary)
  2 worms (D:3)
  4 dart slugs
  7 leopard geckos
  31 orcs
  3 giant cockroaches
  9 goblins
  5 hobgoblins
  13 jackals
  15 kobolds
  3 quokkas
  4 ball pythons
  5 bats
  7 frilled lizards
  2 goblin zombies (Ossuary)
  7 hobgoblin zombies (Ossuary)
  5 kobold zombies (Ossuary)
  14 orc zombies (Ossuary)
  3 rats
  A rat zombie (Ossuary)
  2 fungi (D:10)
  A plant (D:10)
302 creatures vanquished.

Vanquished Creatures (collateral kills)
  A hydra (D:12)
  A two-headed ogre (D:11)
  An ugly thing (D:10)
  Maurice (D:12)
  2 freezing wraiths (IceCv)
  2 hippogriffs
  3 hell hounds (D:12)
  An orc warrior (D:10)
  A black bear (D:4)
  A phantom (D:10)
  2 centaurs
  An ogre (D:5)
  2 wolves (D:10)
  A big kobold (D:12)
  A centaur zombie (Ossuary)
  2 hounds
  A jelly (D:12)
  A gnoll shaman (D:10)
  A human zombie (Ossuary)
  2 orc priests
  2 orc wizards (D:4)
  A big kobold zombie (Ossuary)
  2 gnolls (D:10)
  2 white imps (IceCv)
  4 orcs
  A jackal (D:4)
  A kobold (D:12)
  A leopard gecko skeleton (D:4)
42 creatures vanquished.

Vanquished Creatures (others)
  A worker ant (D:12)
  16 fungi
  2 plants (D:10)
19 creatures vanquished.

Grand Total: 363 creatures vanquished

Notes
Turn   | Place    | Note
-------+----------+-------------------------------------------
     0 | D:1      | Morbidden the Demonspawn Monk began the quest for the Orb.
     0 | D:1      | Reached XP level 1. HP: 18/18 MP: 1/1
   476 | D:1      | Gained mutation: You have a pair of small horns on your
                  | head. [demonic ancestry]
   476 | D:1      | Reached XP level 2. HP: 24/24 MP: 2/2
   569 | D:1      | Reached skill level 3 in Long Blades
  1272 | D:2      | Reached XP level 3. HP: 26/29 MP: 3/3
  1467 | D:2      | Reached XP level 4. HP: 18/37 MP: 4/4
  1772 | D:2      | Found an ancient bone altar of Kikubaaqudgha.
  1843 | D:2      | Reached skill level 1 in Armour
  1948 | D:3      | Noticed a hungry ghost
  1971 | D:2      | Paralysed by fainting for 8 turns
  2014 | D:2      | Killed a hungry ghost
  2014 | D:2      | Reached skill level 4 in Long Blades
  2014 | D:2      | Reached skill level 1 in Shields
  2014 | D:2      | Gained mutation: You are immune to rotting. [demonic
                  | ancestry]
  2014 | D:2      | Reached XP level 5. HP: 22/42 MP: 5/5
  3074 | D:4      | Noticed an ogre
  3092 | D:4      | Killed an ogre
  3092 | D:4      | Gained mutation: A weak demonic guardian rushes to your
                  | aid. [demonic ancestry]
  3092 | D:4      | Reached XP level 6. HP: 49/49 MP: 6/6
  3441 | D:4      | Reached skill level 5 in Long Blades
  3641 | D:4      | Gained mutation: You are partially covered in slimy green
                  | scales. (AC +2) [demonic ancestry]
  3641 | D:4      | Reached XP level 7. HP: 34/55 MP: 7/7
  3689 | D:4      | Identified the +4 ring mail of the Buccaneer {rN+ MR+ Int+5
                  | Dex-4} (You found it on level 4 of the Dungeon)
  3810 | D:4      | Found a glowing golden altar of the Shining One.
  3822 | D:4      | Found an opulent altar of Gozag.
  3991 | D:5      | Entered Level 5 of the Dungeon
  4493 | D:5      | Reached skill level 6 in Long Blades
  4744 | D:6      | Found a staircase to the Ecumenical Temple.
  4808 | Temple   | Entered the Ecumenical Temple
  4861 | Temple   | Became a worshipper of Cheibriados the Contemplative
  4861 | Temple   | Reached * piety under Cheibriados
  4861 | Temple   | Reached ** piety under Cheibriados
  4944 | D:6      | Reached skill level 5 in Fighting
  4944 | D:6      | Reached skill level 1 in Invocations
  4944 | D:6      | Reached XP level 8. HP: 55/62 MP: 8/8
  5677 | D:7      | Found a sand-covered staircase.
  5682 | Ossuary  | Entered an ossuary
  5740 | Ossuary  | Reached skill level 7 in Long Blades
  5742 | Ossuary  | Reached *** piety under Cheibriados
  6024 | D:7      | Found Meiru's Assorted Antiques.
  6207 | D:7      | Found an iron altar of Okawaru.
  6230 | D:7      | Noticed a hornet
  6236 | D:7      | Paralysed by a hornet for 2 turns
  6263 | D:7      | Killed a hornet
  6263 | D:7      | Reached XP level 9. HP: 26/69 MP: 11/11
  6575 | D:7      | Reached **** piety under Cheibriados
  6747 | D:8      | Found Cokhlin's Antique Armour Emporium.
  6865 | D:8      | Reached skill level 8 in Long Blades
  7495 | D:9      | Found Lureicefusk's Island Escapes.
  8041 | D:9      | Bought a scroll of blinking for 90 gold pieces
  8078 | D:10     | Entered Level 10 of the Dungeon
  8122 | D:10     | Reached ***** piety under Cheibriados
  8122 | D:10     | Reached skill level 5 in Invocations
  8136 | D:10     | Noticed a troll
  8153 | D:10     | Killed a troll
  8320 | D:10     | Reached skill level 9 in Long Blades
  8370 | D:10     | Gained mutation: A demonic guardian rushes to your aid.
                  | [demonic ancestry]
  8370 | D:10     | Reached XP level 10. HP: 50/77 MP: 14/14
  8810 | D:10     | Found a staircase to the Lair.
  9279 | D:10     | Found a staircase to the Orcish Mines.
  9285 | D:10     | Noticed a red ugly thing
  9293 | D:10     | Killed a red ugly thing
  9724 | D:11     | Noticed a moth of wrath
  9725 | D:11     | Noticed guttsta's ghost (journeyman DsFi)
  9725 | D:11     | Noticed a wolf spider
  9769 | D:11     | Reached skill level 10 in Long Blades
  9966 | D:11     | Found a transporter.
  9987 | D:11     | Found a transporter.
 10065 | D:11     | Noticed a two-headed ogre
 10070 | D:11     | Killed a two-headed ogre
 10070 | D:11     | Reached skill level 5 in Shields
 10070 | D:11     | Gained mutation: You have a pair of horns on your head.
                  | [demonic ancestry]
 10070 | D:11     | Reached XP level 11. HP: 69/85 MP: 16/16
 10172 | D:11     | Noticed a two-headed ogre
 10175 | D:11     | Killed a two-headed ogre
 10445 | D:12     | Noticed a seven-headed hydra
 10452 | D:12     | Killed a seven-headed hydra
 10455 | D:12     | Noticed Nergalle
 10464 | D:12     | Killed Nergalle
 10464 | D:12     | Reached skill level 1 in Evocations
 10500 | D:12     | Noticed Azrael
 10765 | D:12     | Found a frozen archway.
 10767 | D:12     | Noticed Maurice
 10773 | D:12     | Killed Maurice
 10784 | D:12     | Reached ****** piety under Cheibriados
 10794 | IceCv    | Entered an ice cave
 11079 | IceCv    | Reached skill level 11 in Long Blades
 11130 | IceCv    | Reached skill level 5 in Dodging
 12018 | IceCv    | Found an ancient bone altar of Kikubaaqudgha.
 12028 | IceCv    | Slain by a freezing wraith

Skill      XL: |  1  2  3  4  5  6  7  8  9 10 11 |
---------------+----------------------------------+-----
Long Blades    | 3 4 5 6 7 9 10 11 | 11.3
Armour         | 1 2 3 4 |  4.9
Fighting       | 4 5 6 7 8 |  8.8
Dodging        | 3 4 5 |  5.1
Shields        | 1 2 3 5 |  5.8
Stealth        | 2 3 4 |  4.4
Invocations    | 1 3 5 7 8 |  8.4
Evocations     | 1 |  1.1

Action                   |  1- 3 |  4- 6 |  7- 9 | 10-12 || total
-------------------------+-------+-------+-------+-------++-------
Melee: Falchion          |   113 |   201 |   525 |    83 ||   922
       Headbutt          |    15 |    41 |   191 |   164 ||   411
       Scimitar          |       |       |       |   255 ||   255
Invok: Slouch            |       |       |     1 |     5 ||     6
Evoke: Wand              |       |       |       |    15 ||    15
  Use: Potion            |     1 |     2 |     8 |     4 ||    15
       Scroll            |       |     1 |    10 |     7 ||    18
 Stab: Sleeping          |     1 |       |    14 |     9 ||    24
       Distracted        |       |       |     2 |       ||     2
  Eat: Chunk             |     1 |     6 |    12 |     2 ||    21
       Ration            |       |     6 |       |     2 ||     8
Armor: Robe              |     3 |       |       |    10 ||    13
       Chain mail        |    66 |    31 |       |       ||    97
       Skin              |     4 |    17 |    39 |    17 ||    77
       Scale mail        |       |    48 |       |       ||    48
       Ring mail         |       |       |   132 |    68 ||   200
Dodge: Dodged            |    59 |    85 |   204 |   210 ||   558
Block: Buckler           |    12 |    43 |    23 |       ||    78
       Shield            |       |       |   229 |   231 ||   460
       Rpst.: Falchion   |    10 |    20 |    60 |     8 ||    98
       Scimitar          |       |       |       |    39 ||    39
